 Dungeon Crawl Stone Soup version 0.24-a0-459-g225fefd530 (webtiles) character file.

Game seed: 11741800146435720985

114 mhoghedin the Stinger (level 4, -1/27 HPs)
             Began as an Octopode Venom Mage on June 28, 2019.
             Slain by a hobgoblin (5 damage)
             ... on level 3 of the Dungeon.
             The game lasted 00:04:09 (2402 turns).

mhoghedin the Stinger (Octopode Venom Mage)         Turns: 2402, Time: 00:04:10

Health: -1/27      AC:  1    Str:  7    XL:     4   Next: 97%
Magic:  1/7        EV: 13    Int: 18    God:
Gold:   89         SH:  0    Dex: 12    Spells: 1/7 levels left

rFire    . . .     SeeInvis .   d - +0 dagger
rCold    + . .     Gourm    .   (no shield)
rNeg     . . .     Faith    .   (helmet restricted)
rPois    .         Spirit   .   (no amulet)
rElec    .         Reflect  .   m - +1 ring of slaying
rCorr    .         Harm     .   n - ring of protection from cold {rC+, !d}
MR       .....                  (no ring)
Stlth    +++.......             (no ring)
HPRegen  0.09/turn              (no ring)
MPRegen  0.10/turn              (no ring)
                                (no ring)
                                (no ring)

@: no status effects
A: almost no armour, stealthy swim, amphibious, 8 rings, constrict 8, camouflage
1, gelatinous body 1
a: no special abilities


You were on level 3 of the Dungeon.
You were hungry.

You visited 1 branch of the dungeon, and saw 4 of its levels.

You collected 89 gold pieces.

Inventory:

Hand Weapons
 d - a +0 dagger (weapon)
   (You took it off a kobold on level 1 of the Dungeon)
Missiles
 k - a throwing net {=f, !d}
 o - 5 silver boomerangs (quivered)
Jewellery
 m - a +1 ring of slaying (left tentacle)
   (You found it on level 4 of the Dungeon)
 n - a ring of protection from cold (right tentacle) {rC+, !d}
   (You found it on level 4 of the Dungeon)
Scrolls
 c - a scroll of remove curse {unknown}
 g - 4 scrolls of identify {unknown}
Potions
 a - a potion of degeneration {unknown}
 e - a potion of cancellation {unknown}
 f - a potion of mutation {unknown}
 h - a potion of brilliance {unknown}
 i - a potion of agility {unknown}
 j - 2 potions of invisibility {unknown}
 l - a potion of curing {unknown}
Comestibles
 b - 2 rations


   Skills:
 - Level 2.0 Dodging
 - Level 3.1 Stealth
 - Level 2.2 Spellcasting
 + Level 2.0 Conjurations
 + Level 1.5 Air Magic
 + Level 5.2 Poison Magic


You had one spell level left.
You knew the following spells:

 Your Spells              Type           Power        Failure   Level  Hunger
a - Sting                 Conj/Pois      ###.         3%          1    #......
b - Poisonous Vapours     Pois/Air       ##....       6%          2    ##.....
x - Mephitic Cloud        Conj/Pois/Air  ##......     16%         3    ###....

Your spell library contained the following spells:

 Spells                   Type           Power        Failure   Level  Hunger
 Olgreb's Toxic Radiance  Pois           ###.....     21%         4    #####..
 Venom Bolt               Conj/Pois      ###.......   71%         5    ######.


Dungeon Overview and Level Annotations

Branches:
Dungeon (4/15)
 Temple: D:4-7

Altars:
Okawaru
Qazlal
Xom


Innate Abilities, Weirdness & Mutations

You cannot wear most types of armour.
You are very stealthy in the water. (Stealth+)
You are amphibious.
You can wear up to eight rings at the same time.
You can use your tentacles to constrict eight enemies at once.
Your skin changes colour to match your surroundings (Stealth+).
Your rubbery body absorbs attacks. (AC +1, EV +1)


Message History

l - 2 chunks of flesh {@w0}
Things that are here:
a +0 flail; an orc skeleton There isn't anything to butcher here.
You start resting.
Eating one of 2 chunks of flesh {@w0}.
You eat one of the 2 chunks of flesh {@w0}.
Eating a chunk of flesh {@w0}.
You eat the chunk of flesh {@w0}.
Health restored: 27; MP restored: 7
Things that are here:
a +0 morningstar; an orc skeleton
l - a purple potion You now have 89 gold pieces (gained 10).
m - a pearl ring A phantom comes into view.
A phantom is nearby!
Aim: a phantom (resting) But poisonous vapours would do no harm to the phantom!
Unknown command.
m - a +1 ring of slaying (left tentacle)
n - a twisted bronze ring
n - a ring of protection from cold (right tentacle)
You see here 5 silver boomerangs.
o - 5 silver boomerangs
Things that are here:
a +0 morningstar; an orc skeleton
(D) Dungeon
Where to? (Enter - D:2, ? - help) Sorry, I don't know how to get there.
A centaur skeleton comes into view.
Found a stone staircase leading up.
A ball python zombie comes into view.
There is a stone staircase leading up here.
You climb upwards.
A hobgoblin, 3 orcs and 2 orc wizards come into view.
An orc wizard is wielding a +1 dagger of electrocution.
There is a stone staircase leading down here.
There are monsters nearby!
The orc wizard hits you but does no damage.
The orc shouts!
You hear a shout!
The orc wizard mumbles some strange words.
The orc wizard blinks!
The orc shouts!
The orc wizard gestures wildly while chanting.
The orc wizard blinks!
A hobgoblin comes into view.
You closely miss the orc wizard. You grab the orc wizard.
You constrict the orc wizard. The orc wizard misses you.
You hit the orc wizard. You constrict the orc wizard.
The orc wizard hits you with a +0 dagger.
You take 1 damage, and have 26/27 hp.
You hit the orc wizard but do no damage.
You squeeze the orc wizard! You constrict the orc wizard.
The orc wizard casts a spell at you. The magic dart hits you!
You take 9 damage, and have 17/27 hp.
MASSIVE DAMAGE!!
You hit the orc wizard but do no damage.
You constrict the orc wizard, but do no damage.
The orc wizard points at you and mumbles some strange words.
The magic dart hits you!
You take 8 damage, and have 9/27 hp.
MASSIVE DAMAGE!!
Aim: an orc wizard, wielding a +0 dagger and wearing a +0 robe (almost dead, constricted by you) Poisonous vapours surround the orc wizard!
You constrict the orc wizard.
You kill the orc wizard!
Your Conjurations skill increases to level 2!
You now have 5/7 mp.
Aim: an orc, wielding a +0 whip Poisonous vapours surround the orc!
The orc is engulfed in poison gas.
The orc is poisoned.
You kill the orc!
You now have 3/7 mp.
Aim: a hobgoblin, wielding a +0 club Poisonous vapours surround the hobgoblin!
You are feeling hungry.
The hobgoblin is engulfed in poison gas.
The hobgoblin is poisoned.
You kill the hobgoblin!
You now have 1/7 mp.
You don't have enough magic to cast that spell.
Things that are here:
a +0 dagger; a +0 robe You barely miss the orc.
Your grab misses the orc. The orc misses you.
You closely miss the orc. You grab the orc. You constrict the orc.
The orc hits you with a cursed -2 mace.
* * * LOW HITPOINT WARNING * * *
The hobgoblin closely misses you.
You take 4 damage, and have 5/27 hp.
You hit the orc.
You constrict the orc, but do no damage.
The orc barely misses you. The hobgoblin barely misses you.
You hit the hobgoblin. Your grab misses the hobgoblin. You constrict the orc.
The hobgoblin misses you.
You closely miss the hobgoblin. You grab the hobgoblin.
You constrict the hobgoblin, but do no damage.
You constrict the orc. The orc hits you with a cursed -2 mace.
* * * LOW HITPOINT WARNING * * *
The hobgoblin hits you.
You die...

.........!
........
.......
..... ....
#.. #.#
#g# #@#
#o# #o#
#.# #.#
#.# #.#
#.## #..#
#


You could see 2 orcs and a hobgoblin.

Vanquished Creatures
  An orc wizard (D:3)
  3 gnolls (D:2)
  An adder (D:2)
  2 dart slugs (D:1)
  5 orcs
  3 bats (D:1)
  7 goblins (D:1)
  7 hobgoblins
  3 frilled lizards (D:1)
  4 kobolds
  2 rats (D:1)
38 creatures vanquished.

Notes
Turn   | Place    | Note
-------+----------+-------------------------------------------
     0 | D:1      | mhoghedin the Octopode Venom Mage began the quest for the
                  | Orb.
     0 | D:1      | Reached XP level 1. HP: 11/11 MP: 3/3
    61 | D:1      | Reached skill level 4 in Poison Magic
   180 | D:1      | Reached XP level 2. HP: 17/17 MP: 0/5
   272 | D:1      | Learned a level 2 spell: Poisonous Vapours
   403 | D:1      | Reached skill level 3 in Stealth
   989 | D:1      | Reached XP level 3. HP: 21/21 MP: 0/6
  1331 | D:1      | Learned a level 3 spell: Mephitic Cloud
  1893 | D:2      | Reached skill level 1 in Air Magic
  1893 | D:2      | Reached skill level 5 in Poison Magic
  1893 | D:2      | Reached XP level 4. HP: 27/27 MP: 2/7
  1984 | D:2      | You fall into a shaft and drop 2 floors!
  1993 | D:4      | Found a stormy altar of Qazlal.
  1993 | D:4      | Found an iron altar of Okawaru.
  1999 | D:4      | Found a shimmering altar of Xom.
  2010 | D:4      | HP: 3/27 [orc/+0 flail (8)]
  2304 | D:4      | Noticed a phantom
  2394 | D:3      | Reached skill level 2 in Conjurations
  2399 | D:3      | HP: 5/27 [orc/cursed -2 mace (5)]
  2402 | D:3      | Slain by a hobgoblin

Levels and vault maps discovered:
D:1:      minmay_arrival_stone_box, layout_basic
D:2:      lemuel_upstairs_altar, layout_basic, first_ration,
          minmay_heptomino_d4, uniq_jessica
D:3:      layout_rooms
D:4:      layout_gridville, nicolae_overflow_hidden_temple

Skill      XL: |  1  2  3  4 |
---------------+-------------+-----
Poison Magic   | 4 5 |  5.2
Stealth        | 3 |  3.1
Air Magic      | 1 |  1.5
Conjurations   | 2 |  2.0
Dodging        | |  2.0
Spellcasting   | |  2.2

Action                   |  1- 3 |  4- 6 || total
-------------------------+-------+-------++-------
Melee: Dagger            |     4 |    19 ||    23
       Constrict         |       |     5 ||     5
       Tentacles         |       |     1 ||     1
 Cast: Sting             |    12 |       ||    12
       Poisonous Vapours |    37 |     8 ||    45
  Eat: Chunk             |     2 |     2 ||     4
       Ration            |     1 |       ||     1
Dodge: Dodged            |     9 |    10 ||    19

Table legend:
 A = Non-vault XP
 B = Vault XP
 C = Vault XP percentage of total XP
 D = Non-vault monster count
 E = Vault monster count
 F = Vault count percentage of total count
                 A         B        C        D         E       F
            +---------+---------+-------+---------+---------+-------
      Total |     163 |       0 |   0.0 |      38 |       0 |   0.0
            +---------+---------+-------+---------+---------+-------
        D:1 |      49 |       0 |   0.0 |      26 |       0 |   0.0
        D:2 |      57 |       0 |   0.0 |       5 |       0 |   0.0
        D:3 |      45 |       0 |   0.0 |       3 |       0 |   0.0
        D:4 |      12 |       0 |   0.0 |       4 |       0 |   0.0
            +---------+---------+-------+---------+---------+-------

Levels and vault maps discovered:
D:1:      minmay_arrival_stone_box, layout_basic
D:2:      lemuel_upstairs_altar, layout_basic, first_ration,
          minmay_heptomino_d4, uniq_jessica
D:3:      layout_rooms
D:4:      layout_gridville, nicolae_overflow_hidden_temple

Table legend:
 A = Turns spent in this place as a percentage of turns spent in the entire game.
 B = Non-inter-level travel turns spent in this place as a percentage of non-inter-level travel turns spent in the entire game.
 C = Inter-level travel turns spent in this place as a percentage of turns spent in this place.
 D = Turns resting spent in this place as a percentage of non-inter-level travel turns spent in this place.
 E = Turns spent auto-exploring this place as a percentage of non-inter-level travel turns spent in this place.
 F = Non-inter-level travel turns spent in this place divided by the number of levels of this place that you've seen.
                   A       B       C       D       E      F
               +-------+-------+-------+-------+-------+----------------------
         Total | 100.0 | 100.0 |   4.3 |  46.9 |  36.5 | 574.8
       Dungeon | 100.0 | 100.0 |   4.3 |  46.9 |  36.5 | 574.8
               +-------+-------+-------+-------+-------+----------------------

Table legend:
 A = Kills in this place as a percentage of kills in entire the game.
 B = Kills by you in this place as a percentage of kills by you in the entire game.
 C = Kills by friends in this place as a percentage of kills by friends in the entire game.
 D = Other kills in this place as a percentage of other kills in the entire game.
 E = Experience gained in this place as a percentage of experience gained in the entire game.
 F = Experience gained in this place divided by the number of levels of this place that you have seen.
                   A       B       C       D       E      F
               +-------+-------+-------+-------+-------+----------------------
         Total | 100.0 | 100.0 |   N/A |   N/A | 100.0 |  40.8
       Dungeon | 100.0 | 100.0 |   N/A |   N/A | 100.0 |  40.8
               +-------+-------+-------+-------+-------+----------------------
